 Dungeon Crawl Stone Soup version 0.32-a0-931-g5a2cda0630 (webtiles) character file.

Game seed: 5606041119040319862

523 gosagan the Conjurer (level 7, -21/50 HPs)
             Began as a Mountain Dwarf Necromancer on Apr 14, 2024.
             Engulfed by a cloud of freezing vapour (22 damage)
             ... on level 4 of the Dungeon.
             The game lasted 00:09:42 (5261 turns).

gosagan the Conjurer (Mountain Dwarf Necromancer)   Turns: 5261, Time: 00:09:43

Health: -21/50     AC:  6    Str: 10    XL:     7   Next: 2%
Magic:  9/9        EV: 25    Int: 18    God:
Gold:   103        SH:  0    Dex: 10    Spells: 5/9 levels left

rFire   . . .        t - staff of earth
rCold   . . .        (no shield)
rNeg    . . .        a - +0 robe
rPois   .            (no helmet)
rElec   .            b - +0 cloak
rCorr   .            l - +0 pair of gloves
SInv    .            p - +1 pair of boots
Will    .....        u - amulet of the acrobat
Stlth   ++           (no ring)
HPRegen 0.28/turn    (no ring)
MPRegen 0.11/turn

%: acrobat
@: acrobatic
A: runic magic, artefact enchanting
a: no special abilities


You were on level 4 of the Dungeon.
You visited 1 branch of the dungeon, and saw 5 of its levels.

You collected 257 gold pieces.
You spent 154 gold pieces at shops.

Inventory:

Hand Weapons
 f - a +0 dagger
Missiles
 j - 2 poisoned darts
Armour
 a - a +0 robe (worn)
 b - a +0 cloak (worn)
 k - a +0 ring mail
 l - a +0 pair of gloves (worn)
 p - a +1 pair of boots (worn)
 q - an orb of guile
Magical Staves
 t - a staff of earth (weapon)
Jewellery
 i - an amulet of faith
 u - an amulet of the acrobat (around neck)
Scrolls
 c - a scroll of fear {unknown}
 d - a scroll of identify
 g - a scroll of summoning {unknown}
 m - 2 scrolls of blinking
 o - 2 scrolls of vulnerability {unknown}
 r - a scroll of silence {unknown}
 s - a scroll of immolation {unknown}
 w - a scroll of teleportation {unknown}
Potions
 e - 2 potions of ambrosia {unknown}
 h - 2 potions of lignification {unknown}
 n - 3 potions of curing {unknown}
 v - a potion of mutation {unknown}
 x - a potion of brilliance {unknown}
 z - a potion of resistance


   Skills:
 - Level 1.3 Dodging
 - Level 1.4 Stealth
 - Level 1.7 Spellcasting
 - Level 5.1 Conjurations
 - Level 5.0 Necromancy
 + Level 4.2 Earth Magic


You had 5 spell levels left.
You knew the following spells:

 Your Spells              Type           Power      Damage    Failure   Level
a - Necrotise             Necr           76%        1d7       2%          1
b - Searing Ray           Conj           38%        2d5       3%          2
c - Sandblast             Erth           50%        2d12      3%          1

Your spell library contained the following spells:

 Spells                   Type           Power      Damage    Failure   Level
 Magic Dart               Conj           76%        1d6       2%          1
 Fugue of the Fallen      Necr           19%        N/A       7%          3
 Vampiric Draining        Necr           19%        2d7       7%          3
 Animate Dead             Necr           19%        N/A       24%         4
 Ensorcelled Hibernation  Hex/Ice        2%         N/A       28%         2
 Tukima's Dance           Hex            1%         N/A       50%         3
 Anguish                  Hex/Necr       5%         N/A       54%         4
 Fulminant Prism          Conj/Alch      5%         3d7       54%         4
 Iskenderun's Mystic Bla Conj/Tloc 10%            2d4        (+2d2     54%         4
 Curse of Agony           Necr           19%        N/A       54%         5
 Leda's Liquefaction      Alch/Erth      6%         N/A       61%         4
 Dimensional Bullseye     Hex/Tloc       0%         N/A       88%         4


Dungeon Overview and Level Annotations

Branches:
Dungeon (5/15)
 Temple: D:4-7

Altars:
Elyvilon
Vehumet
Wu Jian

Shops:
D:3 :

Annotations:
D:2 Terence
D:4 1 transporter
D:5 Eustachio


Innate Abilities, Weirdness & Mutations

Your spellcasting is much less encumbered by armour.
You can use scrolls of enchantment on lesser artefacts.


Message History

You can't see any susceptible monsters within range! (Use Z to cast anyway.)
You see here an adder corpse.
An orc, an orc priest and an orc wizard come into view.
The orc priest shouts!
You hear a shout! x4; The orc wizard shouts!
You hear a shout! x2
The orc priest invokes the aid of Beogh against you.
Beogh smites you!
You see here an adder corpse.
The orc priest mumbles some strange prayers to Beogh against you.
Beogh smites you!
The orc priest threatens, "Beogh's wrath is as vast as their mercy.
Make your choice!" (press Y on the ability menu to convert to Beogh)
There is a stone staircase leading up here.
You climb upwards.
Level annotation: 2 transporters
There is a stone staircase leading down here.
You start resting.
HP restored.
Things that are here:
5 stones; a +0 whip Partly explored, unvisited transporter.
Partly explored, unvisited transporter.
Partly explored, unvisited transporter.
Partly explored, unvisited transporter.
Partly explored, unvisited transporter.
There is a transporter here.
You enter the transporter and appear at another place.
z - a potion of resistance You open the gate. 3 ice beasts come into view.
You are engulfed in freezing vapours.
There is an open gate here.
You are engulfed in freezing vapours.
Ouch! That really hurt!
* * * LOW HITPOINT WARNING * * *
As you read the scroll labelled WEWOPSESAD, it crumbles to dust.
It is a scroll of identify.
m - 2 scrolls of blinking You are engulfed in freezing vapours.
You die...

...###....##############...# ##>#
...# ###### #..## ß... ...#
#########...# .... ####
########○○○☼☼#.....#ß.... #
#.○○°○○#○○☼○°#.##..##.... #
####.☼☼☼○○#.○°○○#.....##ß...
######..#☼○#.#.○°Y.$[#..#.###....
...##..©#○○©...○Y°.!©#©...# _....
##.#....#○.#.#.○@☼.$(#..#.###....
.#......#○☼○○°☼#○☼○°○####..# ß...
.####.#.#°☼○☼○○#°°Y○○## #.## ##ß#
<.......########○○°○○# #..## ###
##.####### ####### #.#.###.#
...##....# #.#.##..# #####.##.###
##### #.#....##
...##.#....#######...# #.####.#
..('..#............#.####....#.#


You could see 3 ice beasts.

Vanquished Creatures
  Grinder (D:3)
  An ice beast (D:4)
  A bombardier beetle (D:4)
  Jessica (D:3)
  2 iguanas (D:5)
  4 gnolls
  4 adders
  2 orcs
  6 endoplasms
  3 giant cockroaches
  3 hobgoblins
  2 quokkas
  7 ball pythons
  3 bats (D:1)
  3 frilled lizards
  4 goblins
  4 kobolds
  5 rats
56 creatures vanquished.

Vanquished Creatures (collateral kills)
  A quokka (D:2)
  2 ball pythons
  A kobold (D:1)
  A rat (D:1)
5 creatures vanquished.

Grand Total: 61 creatures vanquished

Notes
Turn   | Place    | Note
-------+----------+-------------------------------------------
     0 | D:1      | gosagan the Mountain Dwarf Necromancer began the quest for
                  | the Orb.
     0 | D:1      | Reached XP level 1. HP: 14/14 MP: 3/3
   362 | D:1      | Reached XP level 2. HP: 16/20 MP: 0/4
   367 | D:1      | Reached skill level 5 in Necromancy
   944 | D:2      | Reached skill level 1 in Conjurations
  1102 | D:2      | Reached XP level 3. HP: 20/26 MP: 1/5
  1158 | D:2      | Found a faded altar of an unknown god.
  1542 | D:2      | Learned a level 2 spell: Searing Ray
  1886 | D:2      | You fall into a shaft and drop 1 floor!
  1887 | D:3      | Found a white marble altar of Elyvilon.
  2203 | D:3      | Noticed Jessica
  2203 | D:3      | Noticed Terence
  2212 | D:3      | Killed Jessica
  2213 | D:3      | Reached XP level 4. HP: 33/33 MP: 2/6
  2835 | D:3      | Noticed Grinder
  2851 | D:3      | Killed Grinder
  2852 | D:3      | Reached skill level 5 in Conjurations
  2852 | D:3      | Reached XP level 5. HP: 19/38 MP: 0/7
  2852 | D:3      | Reached XP level 6. HP: 23/45 MP: 0/8
  3113 | D:3      | Found Wiliat's Book Boutique.
  3265 | D:3      | Bought the Commentary on Breccia for 154 gold pieces
  3267 | D:3      | Learned a level 1 spell: Sandblast
  3431 | D:4      | Found an ornate altar of the Wu Jian Council.
  3433 | D:4      | Found a radiant altar of Vehumet.
  3444 | D:4      | Found a transporter.
  3583 | D:4      | Reached skill level 1 in Earth Magic
  3648 | D:5      | Entered Level 5 of the Dungeon
  3872 | D:4      | Found a transporter.
  4735 | D:5      | Noticed Eustachio
  4735 | D:5      | Noticed an ice beast
  4743 | D:4      | Killed an ice beast
  4985 | D:5      | Reached XP level 7. HP: 23/50 MP: 3/9
  5260 | D:4      | HP: 1/50 [something (25)]
  5261 | D:4      | Engulfed by a cloud of freezing vapour

Illustrated notes

Levels and vault maps discovered:
D:1:      minmay_arrival_nine_rooms, layout_loops_ring, minmay_tripent
D:2:      layout_loops_ring, nicolae_ecumenical_snake_handling,
          dk_noncrumbling_2
D:3:      layout_loops_ring, overflow_temple_1_default, serial_shops,
          nicolae_shop_tiny_statue_garden, uniq_jessica, uniq_terence,
          uniq_grinder
D:4:      gammafunk_cloud_chamber, layout_basic, nicolae_overflow_hidden_temple,
          st_stairs_1
D:5:      layout_loops_ring, worldfamousw_hep_ancestral_shrine,
          chei_slow_surprise, minmay_temple_entry_sparse_star,
          nicolae_ossuary_entry_catacombs, uniq_eustachio,
          uniq_crazy_yiuf_cottage

Skill      XL: |  1  2  3  4  5  6 |
---------------+-------------------+-----
Necromancy     | 5 |  5.0
Conjurations   | 1 3 5 |  5.1
Earth Magic    | 4 |  4.2
Dodging        | |  1.3
Stealth        | |  1.4
Spellcasting   | |  1.7

Action                     |  1- 3 |  4- 6 |  7- 9 || total
---------------------------+-------+-------+-------++-------
  Melee: Dagger            |    34 |       |       ||    34
         Staff             |       |    11 |       ||    11
  Throw: Dart              |       |     4 |       ||     4
   Cast: Necrotise         |    58 |     5 |       ||    63
         Searing Ray       |       |    22 |       ||    22
         Sandblast         |       |    19 |     2 ||    21
    Use: Potion            |       |     1 |       ||     1
         Scroll            |       |       |     1 ||     1
 Armour: Robe              |    23 |    29 |     3 ||    55
  Dodge: Dodged            |    29 |    73 |       ||   102

Table legend: (Time is in decaauts)
 A = Elapsed time spent in this place.
 B = Non-inter-level travel time spent in this place.
 C = Inter-level travel time spent in this place.
 D = Time resting spent in this place.
 E = Time spent auto-exploring this place.
 F = Levels seen in this place.
 G = Mean time per level.
                   A        B        C        D        E       F      G
               +--------+--------+--------+--------+--------+-----+--------+
         Total |   5276 |   4976 |    300 |   1359 |   2925 |   5 | 1055.2 |
       Dungeon |   5276 |   4976 |    300 |   1359 |   2925 |   5 | 1055.2 |
               +--------+--------+--------+--------+--------+-----+--------+

Top non-repeatable levels by time:
     D:3: 1686 daAuts
     D:4: 1180 daAuts
     D:2: 1142 daAuts
     D:1: 1003 daAuts
     D:5: 263 daAuts
